 Dungeon Sprint DCSS version 0.05.1-9-g102c974c0d (webtiles) character file.

Game seed: 15796597528452027098, levelgen mode: deterministic

8046 diana the Fighter (level 11, -20/78 HPs) Gargoyle Monk. Began on May 31, 2021. Was the Champion of Qazlal. Demolished by an ettin ... wielding a +0 dire flail (22 damage) ... in the Dungeon (Sprint V: "Ziggurat Sprint"). The game lasted 00:04:52 (439 turns).

diana the Fighter (Gargoyle Monk)                    Turns: 439, Time: 00:04:53

Health: -20/78     AC: 45    Str: 23    XL:     11 ^: 6877
Magic:  20/20      EV: 15    Int: 11    God:    Qazlal [6* [181]]
Gold:   0          SH:  8    Dex: 18    Spells: 15/15 levels left

rFire    + + .     Vision   .   D - +7 great mace "Firestarter" {inner flame, rF++}
rCold    . . .     Gourm    .   (also wielding the above weapon)
rNeg     + . .     Faith    .   G - +15 Maxwell's patent armour {-Cast -Tele rElec MR+ rCorr}
rPois    ∞         Spirit   .   M - +2 helmet "Okebov" {Dex+6}
rElec    +         Reflect  .   (no cloak)
rCorr    +         Harm     .   (no gloves)
MR       +....     NoTele   +   (no boots) Stlth ..........NoCast +
                                m - amulet of rage
HPRegen  0.36/turn              y - ring of strength
MPRegen  0.30/turn              P - ring of slaying

@: protected from physical damage, very slightly contaminated, repel missiles
A: negative energy resistance 1, electricity resistance, unbreathing,
petrification resistance, rot immunity, AC +8
a: Upheaval, Elemental Force, Disaster Area, Renounce Religion, Evoke Berserk
Rage


You were in the Dungeon.
You worshipped Qazlal.
Qazlal was exalted by your worship.
You were not hungry.

You visited 1 branch

Inventory:

Weapons
 D - the +7 great mace "Firestarter" (weapon) {inner flame, rF++}
   (You found it in the Dungeon)

   Its malleable surface is completely molten, allowing it to meld around and
   partially ignore armour.
   Causes less base damage than a standard weapon; but partially ignores enemy's
   defense and burns causing additional damage to those that don't resist heat.
   It greatly protects you from fire.
 E - the +6 shillelagh "Devastator" {shatter}
   (You found it in the Dungeon)
 F - the +10 dark maul {crush}
   (You found it in the Dungeon)

   It inflicts extra damage upon your enemies.
Armour
 b - a +0 robe
 G - the +15 Maxwell's patent armour (worn) {-Cast -Tele rElec MR+ rCorr}
   (You found it in the Dungeon)

   It insulates you from electricity.
   It affects your resistance to hostile enchantments.
   It prevents spellcasting.
   It prevents most forms of teleportation.
   It provides partial protection from all sources of acid and corrosion.
 I - a +5 crystal plate
 J - +5 gold dragon scales
 M - the +2 helmet "Okebov" (worn) {Dex+6}
   (You found it in the Dungeon)

   It affects your dexterity (+6).
Jewellery
 m - an amulet of rage (around neck)
 u - an uncursed ring of dexterity
 v - an uncursed ring of dexterity
 w - an uncursed ring of intelligence
 x - an uncursed ring of intelligence
 y - a ring of strength (left hand)
 z - an uncursed ring of strength
 N - an uncursed ring of fire
 O - an uncursed ring of dexterity
 P - a ring of slaying (right hand)
Wands
 A - a wand of disintegration (7)
 B - a wand of iceblast (7)
 C - a wand of acid (7)
 L - a wand of polymorph (1)
Scrolls
 i - 4 scrolls of blinking
 p - 4 scrolls of amnesia
 q - 7 scrolls of fog
 r - a scroll of holy word
 s - 5 scrolls of bless item
 t - 2 scrolls of fear
Potions
 d - 11 potions of curing
 e - 10 potions of heal wounds
 f - 6 potions of haste
 g - 7 potions of magic
 h - 3 potions of berserk rage
 j - 2 potions of brilliance
 k - 2 potions of invisibility
 l - 4 potions of resistance
 n - 5 potions of agility
 o - 6 potions of might
Miscellaneous
 a - a box of beasts
 H - a lightning rod (4/4)
Comestibles
 c - 7 rations
 K - 8 chunks of flesh


   Skills:
 + Level 13.3 Fighting
 + Level 12.4 Maces & Staves
 + Level 13.0 Armour
 + Level 10.6 Dodging
 - Level 2.1 Stealth
 - Level 2.7 Spellcasting
 + Level 12.6 Invocations


You had 15 spell levels left.
You didn't know any spells.
Your spell library contained the following spells:

 Spells                   Type           Power        Failure   Level  Hunger
 Flame Tongue             Fire           1 (30)       63%         1    #......
 Infusion                 Chrm           1 (25)       63%         1    #......
 Poisonous Vapours        Pois/Air       1 (50)       63%         1    #......
 Shock                    Air            1 (25)       63%         1    #......
 Ignite Poison            Fire/Tmut      1 (100)      94%         3    ###....
 Mephitic Cloud           Pois/Air       1 (100)      94%         3    ###....
 Portal Projectile        Chrm/Tloc      1 (50)       94%         3    ###....
 Muse Oam's Air Blast     Tloc/Air       1 (100)      100%        4    #####..
 Petrify                  Tmut/Erth      1 (100)      100%        4    #####..
 Aura of Abjuration       Summ           1 (200)      100%        5    ######.
 Irradiate                Tmut/Pois      1 (200)      100%        5    ######.
 Iskenderun's Battlesphe  Chrm/Erth      1 (100)      100%        5    ######.
 Summon Forest            Summ/Erth      1 (200)      100%        5    ######.
 Eringya's Noxious Bog    Tmut/Pois      1 (200)      100%        6    #######
 Statue Form              Tmut/Erth      1 (150)      100%        6    #######
 Sublimation of Blood     Necr           Unusable     N/A         2    N/A

Dungeon Overview and Level Annotations

Branches:
Dungeon (1/1)

Altars:
Ashenzari
Cheibriados
Dithmenos
Elyvilon
Fedhas Madash
Gozag Ym Sagoz
Hepliaklqana
Kikubaaqudgha
Makhleb
Nemelex Xobeh
Okawaru
Qazlal
Ru
Sif Muna
Trog
Uskayaw
Vehumet
Wu Jian
Xom
Yredelemnul
Zin
The Shining One Bahamut & Tiamat
Beogh
Jiyva
Lugonu

Annotations:
D 1 transporter


Innate Abilities, Weirdness & Mutations

You are resistant to torment.
Your stone body is resilient. (AC +8)
You are immune to poison.
You resist negative energy. (rN+)
You are resistant to electric shocks. (rElec)
You can survive without breathing.
You are immune to petrification.
You are immune to rotting.


Message History

You thump the ettin (13)! You burn the ettin (7)!
The ettin is severely wounded. (26/65) HP The ironheart preserver hits you with a cursed +4 flail of crushing {(Curse: *Rage)} (3).
The ogre mage barely misses you (0).
You block the giant cockroach simulacrum's attack.
The ettin hits you with a +0 dire flail (19)!!
* * * LOW HITPOINT WARNING * * *
You feel more protected from physical attacks.
The ettin misses you (0).
You sock the ettin (10)! You burn the ettin (5).
The ettin is severely wounded. (19/65) HP The vault guard hits you but does no damage.
You block the vault guard's attack.
The ironheart preserver hits you with a cursed +4 flail of crushing {(Curse: *Rage)} (12)!
* * * LOW HITPOINT WARNING * * *
x2 The ogre mage mumbles some strange words.
The ogre mage blinks!
The giant cockroach simulacrum closely misses you (0).
The ettin hits you with a +0 dire flail (22)!!
You die...

▓....©†...▓...©...▓
▓▓▓▓▓▓▓▓▓▓▓▓▓▓▓▓▓▓▓
▓...8©8...▓..8©8..▓
▓..}|:):..▓..|]|..▓
▓...})]...▓..|.)..▓
▓..C......▓.......▓
▓..e☼§....▓.......▓
▓.§ppZ°O..▓..)))..▓
▓.§°@C....▓....)..▓
▓.▓☼☼.°.▓.▓.▓...▓.▓
▓...°°....▓...©...▓
▓▓▓▓▓▓▓▓▓▓▓▓▓▓▓▓▓▓▓


You could see an ironheart preserver, a stone giant, a vault guard, an ettin
(inner flame), an ogre mage, a deep elf archer and a giant cockroach simulacrum.

Vanquished Creatures
  A platinum draconian (D)
  A turquoise draconian (D)
  A black draconian (D)
  A lime draconian (D)
  An ice dragon (D)
  7 draconians (D)
  2 freezing wraiths (D)
  3 polar bears (D)
  An insubstantial wisp (D)
  A hell hound (D)
  2 orc warriors (D)
  A floating eye (D)
  2 ice beasts (D)
  2 crimson imps (D)
  A jelly (D)
  2 orc wizards (D)
  An iron imp (D)
  3 white imps (D)
  An ooze (D)
  2 orcs (D)
  A jackal simulacrum (D)
  A quokka simulacrum (D)
38 creatures vanquished.

Notes
Turn   | Place    | Note
-------+----------+-------------------------------------------
     0 | D        | diana the Gargoyle Monk began the quest for the Orb.
     0 | D        | Reached XP level 1. HP: 14/14 MP: 1/1
     0 | D        | Found a shimmering blue altar of Sif Muna.
     0 | D        | Found a sacrificial altar of Ru.
     0 | D        | Found a bloodstained altar of Trog.
     0 | D        | Found a stormy altar of Qazlal.
     0 | D        | Found an iron altar of Okawaru.
     0 | D        | Found a sparkling altar of Nemelex Xobeh.
     0 | D        | Found a blossoming altar of Fedhas.
     1 | D        | Found the +6 Majin-Bo {vampiric, corrupt archmagi; MP+6
                  | Int+6}
     1 | D        | Found the +9 ballista "Sniper" {velocity, Acc+∞ +Vis}
     1 | D        | Found the +10 dark maul {crush}
     1 | D        | Found the +15 Maxwell's patent armour {-Cast -Tele rElec
                  | MR+ rCorr}
     1 | D        | Found the +18 shield of the Gong {rElec rN+ MR+ EV-5}
     1 | D        | Found the +14 obsidian axe {chop, +Fly +Vis Soulbond}
     1 | D        | Found the +7 great mace "Firestarter" {inner flame, rF++}
     1 | D        | Found the +6 shillelagh "Devastator" {shatter}
     1 | D        | Found the +11 plutonium sword {*Contam Stlth-}
     1 | D        | Found the +8 lance "Wyrmbane" {slay drac, rPois rF+ rC+
                  | AC+3}
     1 | D        | Found the +9 sword of Zonguldrok {reap}
     1 | D        | Found the +13 scythe of Curses {drain, Soulbond}
     1 | D        | Found the +0 sword of Power
     1 | D        | Found the +7 mace of Variability {chain chaos}
     1 | D        | Found the +7 Singing Sword {slice, sonic wave}
     1 | D        | Found the +8 storm bow {elec, penet}
     2 | D        | Found a transporter.
     2 | D        | Found an ancient bone altar of Kikubaaqudgha.
     2 | D        | Found a viscous altar of Jiyva.
     2 | D        | Found a corrupted altar of Lugonu.
     2 | D        | Found a hazy altar of Hepliaklqana.
     2 | D        | Found a burning altar of Makhleb.
     2 | D        | Found an opulent altar of Gozag.
    41 | D        | Became a worshipper of Qazlal Stormbringer
    41 | D        | Reached * piety under Qazlal
    41 | D        | Reached ** piety under Qazlal
    87 | D        | Reached XP level 2. HP: 20/20 MP: 1/5
   116 | D        | Entered arena 2.
   116 | D        | Noticed a hell hound
   116 | D        | Found a transporter.
   120 | D        | Killed a hell hound
   120 | D        | Reached skill level 5 in Fighting
   120 | D        | Reached skill level 5 in Maces & Staves
   120 | D        | Reached skill level 5 in Armour
   120 | D        | Reached XP level 3. HP: 23/27 MP: 7/7
   120 | D        | Reached XP level 4. HP: 27/32 MP: 8/8
   120 | D        | Reached XP level 5. HP: 31/36 MP: 9/9
   144 | D        | Entered arena 3.
   144 | D        | Noticed a floating eye
   144 | D        | Found a transporter.
   147 | D        | Killed a floating eye
   147 | D        | Reached skill level 5 in Dodging
   148 | D        | Reached *** piety under Qazlal
   148 | D        | Reached XP level 6. HP: 44/44 MP: 10/10
   162 | D        | Entered arena 4.
   162 | D        | Noticed a draconian
   162 | D        | Noticed a draconian
   162 | D        | Noticed a draconian
   162 | D        | Noticed a draconian
   162 | D        | Found a transporter.
   167 | D        | Killed a draconian
   167 | D        | Reached XP level 7. HP: 47/50 MP: 4/12
   169 | D        | Killed a draconian
   169 | D        | Reached XP level 8. HP: 46/56 MP: 5/13
   172 | D        | Killed a draconian
   176 | D        | Killed a draconian
   176 | D        | Reached skill level 10 in Fighting
   176 | D        | Reached XP level 9. HP: 45/62 MP: 7/15
   234 | D        | Entered arena 5.
   234 | D        | Found a transporter.
   238 | D        | Reached **** piety under Qazlal
   250 | D        | Got the +2 helmet "Okebov" {Dex+6}
   260 | D        | Entered arena 6.
   260 | D        | Found a transporter.
   263 | D        | Reached ***** piety under Qazlal
   265 | D        | Reached skill level 10 in Armour
   279 | D        | Got the Compendium of Flames
   287 | D        | Entered arena 7.
   287 | D        | Noticed a freezing wraith
   287 | D        | Noticed a freezing wraith
   288 | D        | Found a transporter.
   291 | D        | Killed a freezing wraith
   291 | D        | Reached skill level 10 in Maces & Staves
   291 | D        | Reached skill level 10 in Invocations
   295 | D        | Killed a freezing wraith
   303 | D        | Got the cursed -2 cloak of Zouf {rN+ Int+4 Stlth+, (Curse:
                  | rF-)}
   318 | D        | Entered arena 8.
   319 | D        | Found a transporter.
   321 | D        | Reached ****** piety under Qazlal
   321 | D        | Reached XP level 10. HP: 70/70 MP: 17/17
   348 | D        | Entered arena 9.
   348 | D        | Noticed a turquoise draconian
   348 | D        | Noticed a platinum draconian
   348 | D        | Noticed a lime draconian
   348 | D        | Noticed a draconian
   348 | D        | Noticed a draconian
   348 | D        | Noticed a draconian
   351 | D        | Found a transporter.
   358 | D        | Killed a lime draconian
   358 | D        | Killed a draconian
   359 | D        | Killed a black draconian
   360 | D        | Killed a turquoise draconian
   360 | D        | Reached skill level 10 in Dodging
   361 | D        | Killed a draconian
   363 | D        | Killed a platinum draconian
   363 | D        | Reached XP level 11. HP: 57/78 MP: 8/20
   387 | D        | Got the cursed ring of Haimno Piov {MR+ Int+5 Dex-5,
                  | (Curse: rF- Slay-2)}
   412 | D        | Got the Incunabulum of the Nightingale
   430 | D        | Entered arena 10.
   430 | D        | Noticed an ice dragon
   430 | D        | Noticed a stone giant
   430 | D        | Noticed a deep elf archer
   430 | D        | Noticed an ogre mage
   430 | D        | Noticed a vault guard
   430 | D        | Noticed an ironheart preserver
   430 | D        | Noticed an ettin
   431 | D        | Found a transporter.
   435 | D        | Killed an ice dragon
   439 | D        | HP: 3/78 [ironheart preserver/cursed +4 flail of crushing
                  | {(Curse: *Rage)} (12)]
   439 | D        | Demolished by an ettin

Levels and vault maps discovered:
D:        sprint_v [room_start, room_1, room_2, room_3, room_4, room_5, room_6,
          room_7, room_8, room_9, room_10, room_11, room_12, room_13, room_14,
          room_15, room_16, room_17, room_18, room_19, room_20, room_21,
          room_22, room_23, room_24, room_25, room_26, room_27]

Skill      XL: |  1  2  3  4  5  6  7  8  9 10 11 |
---------------+----------------------------------+-----
Fighting       | 4 6 7 8 9 10 11 13 | 13.3
Maces & Staves | 4 5 6 7 8 9 10 12 | 12.4
Armour         | 3 5 6 7 8 9 11 12 13 | 13.0
Dodging        | 3 4 5 6 7 9 10 | 10.6
Spellcasting   | 2 |  2.7
Invocations    | 3 4 6 7 8 10 12 | 12.6
Stealth        | |  2.1

Action                   |  1- 3 |  4- 6 |  7- 9 | 10-12 || total
-------------------------+-------+-------+-------+-------++-------
Melee: Great mace        |     3 |     6 |    24 |    23 ||    56
Invok: Elemental Force   |       |     1 |       |     1 ||     2
       Disaster Area     |       |       |       |     1 ||     1
  Use: Potion            |     1 |       |       |       ||     1
Armor: Plate armour      |     4 |     5 |    11 |    32 ||    52
Dodge: Dodged            |     6 |     3 |    14 |    12 ||    35
       Deflected         |       |       |     2 |     2 ||     4
Block: Other             |       |       |     8 |    12 ||    20
